Connexion

CHICAGO Blackhawks vs MINNESOTA Wild

Created - 17 août 2023 at 05:49

Goals
1 2 3 T
CHICAGO Blackhawks 2 0 3 5
MINNESOTA Wild 2 1 0 3
Shots
1 2 3 T
CHICAGO Blackhawks 10 16 10 36
MINNESOTA Wild 9 8 13 30

GoalsPenalties
1st period
1. CHICAGO Blackhawks , Tage Thompson 3 (Christian Fischer 4, Mathew Barzal 5) at 0:20
2. MINNESOTA Wild , Ryan Murray 2 (Nick Bjugstad 7, Jordan Eberle 4) at 6:42 (PP)
3. MINNESOTA Wild , Ryan Murray 3 (Jakob Silfverberg 4) at 8:01
4. CHICAGO Blackhawks , Adam Gaudette 1 (Anton Stralman 8) at 13:55
Mac Weegar (CHI) for Holding (Minor) at 5:06
2nd period
5. MINNESOTA Wild , Frank Vatrano 6 (Will Butcher 5, Jakob Silfverberg 5) at 12:19
No Penalty
3rd period
6. CHICAGO Blackhawks , J.T. Compher 1 (Brian Dumoulin 2, Conor Garland 2) at 3:06 (SH)
7. CHICAGO Blackhawks , Adam Gaudette 2 (Mac Weegar 1) at 13:26
8. CHICAGO Blackhawks , Mathew Barzal 3 (Pius Suter 5) at 19:32 (Empty Net)
Mac Weegar (CHI) for Hooking (Minor) at 1:09
Nick Perbix (MIN) for Hooking (Minor) at 3:21
Connor Murphy (CHI) for Tripping (Minor) at 15:01
Goalie Stats
John Gibson (CHI), 27 saves from 30 shots - (0,900), W, 4-1-0, 60:00 minutes
Scott Wedgewood (MIN), 31 saves from 35 shots - (0,886), L, 0-1-1, 59:12 minutes
3 StarsOfficial
1 - Adam Gaudette (CHI)
2 - Mathew Barzal (CHI)
3 - J.T. Compher (CHI)
Referees : Brian Pochmara and Kyle Rehman
Linesman : Jonny Murray and Derek Amell
Game Note
Mathew Barzal has scored in a empty net!
Finance
Level 1 -- Attendance: 6000 (100,00%) -- Ticket Income 660 000 $
Level 2 -- Attendance: 5064 (100,00%) -- Ticket Income 354 480 $
Level 3 -- Attendance: 1976 (98,80%) -- Ticket Income 88 920 $
Level 4 -- Attendance: 4000 (100,00%) -- Ticket Income 120 000 $
Luxury Box -- Attendance: 933 (93,30%) -- Ticket Income 233 250 $
Game was played at the Xcel Energy Center.
Total Attendance: 17973 (99,50%)
Total Ticket Income: 1 456 650 $
Other Income: 291 330 $
Total Income: 1 747 980 $



Team Name Goals Shots Shots Attemp Shots Blocked PIM HIT PP PK FO%
CHICAGO Blackhawks 53670156170 / 1 (0%)158%
MINNESOTA Wild 33068142281 / 3 (33%)043%

CHICAGO Blackhawks
Player Name POS G A P +/- PIM HIT SHT SB MP PP MP PP SHT PK MP PK SHT FO% FOT
Adam GaudetteC202100306:200:0000:00040% 5
Alexandre CarrierD0001010019:290:4403:5100% 0
Anton StralmanD0112020020:061:1500:0000% 0
Brandon CarloD0003011222:561:1500:4800% 0
Brandon DuhaimeRW000100018:000:0001:4000% 0
Brian DumoulinD0110000619:080:0002:2800% 0
Christian FischerC/RW0110042117:001:1500:000100% 1
Connor MurphyD000-1200322:060:4402:4100% 0
Conor GarlandLW/RW0111005118:360:0003:19050% 2
Evgenii DadonovRW0000016014:390:0000:000100% 1
J.T. CompherC/LW/RW1013001010:400:0003:54167% 9
Joonas DonskoiLW/RW0000004014:390:0000:0000% 0
Mac WeegarD0111440116:120:0001:2000% 0
Mathew BarzalC1121004017:261:1500:00052% 25
Nick SuzukiC0000012016:010:4410:00067% 15
Oliver WahlstromLW0000021016:080:4400:070100% 1
Pius SuterC/RW0111014017:290:4411:40050% 20
Tage ThompsonLW/RW1010003017:281:1500:280100% 1
MINNESOTA Wild
Player Name POS G A P +/- PIM HIT SHT SB MP PP MP PP SHT PK MP PK SHT FO% FOT
Christian DvorakC/LW000000005:320:0000:0000% 0
Danton HeinenC/LW/RW000-3023020:552:3810:0000% 0
Frank VatranoC/LW/RW101-1025017:152:3820:00026% 23
Jakob SilfverbergLW/RW0220012015:460:1800:510100% 2
Jordan EberleC/RW011-2022122:212:5601:08046% 28
Jordan GreenwayLW/RW0000022014:010:0000:0000% 1
Kevin RooneyC000000005:320:0000:00040% 5
Kyle ConnorLW000-1002120:472:5600:00050% 2
Marko DanoC/LW/RW000000005:320:0000:0000% 0
Mike MathesonD000-1030120:342:4700:0000% 0
Nick BjugstadC/RW011-1044019:072:5601:08050% 2
Nick PerbixD0000250216:390:2200:0000% 0
Ryan MurrayD202-2024321:552:2531:0800% 0
Scott LaughtonC/LW000-1021017:122:2010:51050% 16
Ty SmithD0000011317:310:2210:5100% 0
Victor MeteD000-1020121:292:2501:0800% 0
Viktor ArvidssonLW/RW0000002014:010:0000:000100% 1
Will ButcherD011-2002221:512:4720:5100% 0



Play-by-Play

1st period


0:01 of 1st period - Jordan Eberle wins face-off versus Mathew Barzal in neutral zone.
0:11 of 1st period - Icing by Anton Stralman.
0:12 of 1st period - Mathew Barzal wins face-off versus Frank Vatrano in CHICAGO Blackhawks zone.
0:12 of 1st period - Mathew Barzal is hit by Frank Vatrano.
0:18 of 1st period - Shot by Christian Fischer.
0:18 of 1st period - Shot Blocked by Ryan Murray.
0:20 of 1st period - Shot by Tage Thompson.
0:20 of 1st period - Goal by Tage Thompson - CHICAGO Blackhawks : 1 - MINNESOTA Wild : 0.
0:21 of 1st period - Nick Suzuki wins face-off versus Scott Laughton in neutral zone.
0:26 of 1st period - Shot by Nick Suzuki.
0:26 of 1st period - Deflect By Oliver Wahlstrom.
0:26 of 1st period - Shot Misses the Net.
1:04 of 1st period - Shot by Oliver Wahlstrom.
1:04 of 1st period - Shot Misses the Net.
1:18 of 1st period - Shot by Evgenii Dadonov.
1:18 of 1st period - Stopped by Scott Wedgewood with a rebound.
1:25 of 1st period - Evgenii Dadonov is hit by Nick Perbix and loses puck.
2:09 of 1st period - Danton Heinen is hit by Brandon Carlo and loses puck.
2:12 of 1st period - Shot by Kyle Connor.
2:12 of 1st period - Stopped by John Gibson without a rebound.
2:13 of 1st period - Mathew Barzal wins face-off versus Frank Vatrano in CHICAGO Blackhawks zone.
2:13 of 1st period - Mathew Barzal is hit by Jakob Silfverberg.
2:28 of 1st period - Shot by Jakob Silfverberg.
2:28 of 1st period - Shot Blocked by Brandon Carlo.
5:06 of 1st period - Minor Penalty to Mac Weegar for Holding.
5:07 of 1st period - Jordan Eberle wins face-off versus J.T. Compher in CHICAGO Blackhawks zone.
5:14 of 1st period - Shot by Ryan Murray.
5:14 of 1st period - Shot Blocked by Brian Dumoulin.
5:26 of 1st period - Shot by Kyle Connor.
5:26 of 1st period - Shot Misses the Net.
5:28 of 1st period - Shot by Victor Mete.
5:28 of 1st period - Shot Blocked by Connor Murphy.
5:30 of 1st period - Shot by Ryan Murray.
5:30 of 1st period - Shot Blocked by Brian Dumoulin.
5:32 of 1st period - Shot by Jordan Eberle.
5:32 of 1st period - Shot Misses the Net.
5:34 of 1st period - Shot by Ryan Murray.
5:34 of 1st period - Stopped by John Gibson without a rebound.
5:35 of 1st period - Pius Suter wins face-off versus Frank Vatrano in CHICAGO Blackhawks zone.
5:35 of 1st period - Pius Suter is hit by Danton Heinen.
6:05 of 1st period - J.T. Compher is hit by Scott Laughton and loses puck.
6:34 of 1st period - Shot by Nick Bjugstad.
6:34 of 1st period - Shot Misses the Net.
6:36 of 1st period - Shot by Jordan Eberle.
6:36 of 1st period - Shot Blocked by Conor Garland.
6:40 of 1st period - Shot by Nick Bjugstad.
6:40 of 1st period - Shot Misses the Net.
6:42 of 1st period - Shot by Ryan Murray.
6:42 of 1st period - Goal by Ryan Murray - CHICAGO Blackhawks : 1 - MINNESOTA Wild : 1.
6:43 of 1st period - Kevin Rooney wins face-off versus Pius Suter in neutral zone.
6:57 of 1st period - Shot by Evgenii Dadonov.
6:57 of 1st period - Shot Misses the Net.
6:59 of 1st period - Shot by Joonas Donskoi.
6:59 of 1st period - Stopped by Scott Wedgewood with a rebound.
8:01 of 1st period - Shot by Ryan Murray.
8:01 of 1st period - Goal by Ryan Murray - CHICAGO Blackhawks : 1 - MINNESOTA Wild : 2.
8:02 of 1st period - Jordan Eberle wins face-off versus Nick Suzuki in neutral zone.
8:20 of 1st period - Kyle Connor is hit by Mac Weegar and loses puck.
9:14 of 1st period - Shot by Jakob Silfverberg.
9:14 of 1st period - Stopped by John Gibson without a rebound.
9:15 of 1st period - Mathew Barzal wins face-off versus Jordan Greenway in CHICAGO Blackhawks zone.
9:24 of 1st period - Viktor Arvidsson is hit by Christian Fischer and loses puck.
10:26 of 1st period - Shot by Jakob Silfverberg.
10:26 of 1st period - Shot Misses the Net.
10:31 of 1st period - Brian Dumoulin is hit by Ryan Murray and loses puck.
10:45 of 1st period - Pius Suter is hit by Victor Mete and loses puck.
11:03 of 1st period - Off-side.
11:04 of 1st period - Nick Suzuki wins face-off versus Jordan Eberle in neutral zone.
11:15 of 1st period - Shot by Conor Garland.
11:15 of 1st period - Stopped by Scott Wedgewood with a rebound.
11:33 of 1st period - Shot by Jordan Eberle.
11:33 of 1st period - Shot Blocked by Mac Weegar.
11:46 of 1st period - Icing by Alexandre Carrier.
11:47 of 1st period - Scott Laughton wins face-off versus Nick Suzuki in CHICAGO Blackhawks zone.
13:05 of 1st period - Shot by Brandon Carlo.
13:05 of 1st period - Stopped by Scott Wedgewood without a rebound.
13:06 of 1st period - Evgenii Dadonov wins face-off versus Jordan Eberle in MINNESOTA Wild zone.
13:33 of 1st period - Shot by Joonas Donskoi.
13:33 of 1st period - Stopped by Scott Wedgewood without a rebound.
13:34 of 1st period - Nick Bjugstad wins face-off versus Adam Gaudette in MINNESOTA Wild zone.
13:55 of 1st period - Shot by Adam Gaudette.
13:55 of 1st period - Goal by Adam Gaudette - CHICAGO Blackhawks : 2 - MINNESOTA Wild : 2.
13:56 of 1st period - Pius Suter wins face-off versus Jordan Eberle in neutral zone.
14:09 of 1st period - Shot by Evgenii Dadonov.
14:09 of 1st period - Deflect By Joonas Donskoi.
14:09 of 1st period - Shot Blocked by Will Butcher.
14:15 of 1st period - Shot by Danton Heinen.
14:15 of 1st period - Deflect By Jordan Eberle.
14:15 of 1st period - Stopped by John Gibson without a rebound.
14:16 of 1st period - Mathew Barzal wins face-off versus Nick Bjugstad in CHICAGO Blackhawks zone.
14:16 of 1st period - Mathew Barzal is hit by Nick Bjugstad.
14:21 of 1st period - Anton Stralman is hit by Victor Mete and loses puck.
14:27 of 1st period - Jakob Silfverberg is hit by Christian Fischer and loses puck.
14:32 of 1st period - Anton Stralman is hit by Nick Bjugstad and loses puck.
14:38 of 1st period - Frank Vatrano is hit by Anton Stralman and loses puck.
15:28 of 1st period - Off-side.
15:29 of 1st period - Pius Suter wins face-off versus Scott Laughton in neutral zone.
15:48 of 1st period - Shot by Pius Suter.
15:48 of 1st period - Shot Blocked by Ty Smith.
15:50 of 1st period - Shot by Pius Suter.
15:50 of 1st period - Stopped by Scott Wedgewood with a rebound.
15:52 of 1st period - Shot by Evgenii Dadonov.
15:52 of 1st period - Stopped by Scott Wedgewood without a rebound.
15:53 of 1st period - Jordan Eberle wins face-off versus J.T. Compher in MINNESOTA Wild zone.
15:58 of 1st period - Shot by Kyle Connor.
15:58 of 1st period - Stopped by John Gibson with a rebound.
16:12 of 1st period - Shot by Kyle Connor.
16:12 of 1st period - Shot Misses the Net.
16:14 of 1st period - Shot by Jordan Eberle.
16:14 of 1st period - Shot Misses the Net.
16:16 of 1st period - Shot by Danton Heinen.
16:16 of 1st period - Stopped by John Gibson without a rebound.
16:17 of 1st period - Pius Suter wins face-off versus Frank Vatrano in CHICAGO Blackhawks zone.
16:56 of 1st period - Icing by Ryan Murray.
16:57 of 1st period - Mathew Barzal wins face-off versus Frank Vatrano in MINNESOTA Wild zone.
18:18 of 1st period - Oliver Wahlstrom is hit by Nick Perbix.
18:36 of 1st period - Shot by Conor Garland.
18:36 of 1st period - Stopped by Scott Wedgewood without a rebound.
18:37 of 1st period - Pius Suter wins face-off versus Kevin Rooney in MINNESOTA Wild zone.
19:14 of 1st period - Icing by Connor Murphy.
19:15 of 1st period - Frank Vatrano wins face-off versus Pius Suter in CHICAGO Blackhawks zone.
19:18 of 1st period - Shot by Nick Bjugstad.
19:18 of 1st period - Stopped by John Gibson without a rebound.
19:19 of 1st period - Jordan Eberle wins face-off versus Adam Gaudette in CHICAGO Blackhawks zone.
19:50 of 1st period - Off-side.
19:51 of 1st period - Nick Suzuki wins face-off versus Frank Vatrano in neutral zone.
Goals for this period are 2 for CHICAGO Blackhawks vs 2 for MINNESOTA Wild .
Shots for this period are 10 for CHICAGO Blackhawks vs 9 for MINNESOTA Wild .

2nd period


0:01 of 2nd period - Jordan Eberle wins face-off versus Mathew Barzal in neutral zone.
0:04 of 2nd period - Shot by Will Butcher.
0:04 of 2nd period - Shot Misses the Net.
0:09 of 2nd period - Christian Fischer is hit by Mike Matheson and loses puck.
0:14 of 2nd period - Shot by Mathew Barzal.
0:14 of 2nd period - Stopped by Scott Wedgewood with a rebound.
0:42 of 2nd period - Tage Thompson is hit by Mike Matheson and loses puck.
0:52 of 2nd period - Icing by Jordan Eberle.
0:53 of 2nd period - Oliver Wahlstrom wins face-off versus Jordan Eberle in MINNESOTA Wild zone.
1:24 of 2nd period - Nick Bjugstad is hit by Oliver Wahlstrom and loses puck.
2:41 of 2nd period - Shot by Mathew Barzal.
2:41 of 2nd period - Deflect By Tage Thompson.
2:41 of 2nd period - Stopped by Scott Wedgewood without a rebound.
2:42 of 2nd period - Scott Laughton wins face-off versus Adam Gaudette in MINNESOTA Wild zone.
2:53 of 2nd period - Shot by Scott Laughton.
2:53 of 2nd period - Shot Misses the Net.
3:30 of 2nd period - Icing by Ty Smith.
3:31 of 2nd period - Nick Suzuki wins face-off versus Scott Laughton in MINNESOTA Wild zone.
3:40 of 2nd period - Shot by Conor Garland.
3:40 of 2nd period - Stopped by Scott Wedgewood without a rebound.
3:41 of 2nd period - Jordan Eberle wins face-off versus Pius Suter in MINNESOTA Wild zone.
4:06 of 2nd period - Shot by Pius Suter.
4:06 of 2nd period - Stopped by Scott Wedgewood with a rebound.
4:08 of 2nd period - Shot by Evgenii Dadonov.
4:08 of 2nd period - Shot Misses the Net.
4:22 of 2nd period - Shot by Pius Suter.
4:22 of 2nd period - Shot Misses the Net.
4:24 of 2nd period - Shot by Anton Stralman.
4:24 of 2nd period - Shot Blocked by Kyle Connor.
4:49 of 2nd period - Icing by Victor Mete.
4:50 of 2nd period - Mathew Barzal wins face-off versus Kevin Rooney in MINNESOTA Wild zone.
5:16 of 2nd period - Shot by Christian Dvorak.
5:16 of 2nd period - Shot Misses the Net.
5:18 of 2nd period - Shot by Victor Mete.
5:18 of 2nd period - Shot Blocked by Christian Fischer.
5:20 of 2nd period - Shot by Marko Dano.
5:20 of 2nd period - Deflect By Kevin Rooney.
5:20 of 2nd period - Shot Hit the Post.
6:04 of 2nd period - Shot by Frank Vatrano.
6:04 of 2nd period - Stopped by John Gibson without a rebound.
6:05 of 2nd period - Jordan Eberle wins face-off versus Pius Suter in CHICAGO Blackhawks zone.
6:55 of 2nd period - Mike Matheson is hit by Mac Weegar and loses puck.
7:24 of 2nd period - Kyle Connor is hit by Oliver Wahlstrom and loses puck.
7:29 of 2nd period - Shot by Conor Garland.
7:29 of 2nd period - Stopped by Scott Wedgewood without a rebound.
7:30 of 2nd period - Mathew Barzal wins face-off versus Scott Laughton in MINNESOTA Wild zone.
8:13 of 2nd period - Shot by Tage Thompson.
8:13 of 2nd period - Stopped by Scott Wedgewood without a rebound.
8:14 of 2nd period - Frank Vatrano wins face-off versus Nick Suzuki in MINNESOTA Wild zone.
8:14 of 2nd period - Jakob Silfverberg is hit by Nick Suzuki and loses puck.
8:39 of 2nd period - Icing by Brandon Carlo.
8:40 of 2nd period - Nick Suzuki wins face-off versus Kevin Rooney in CHICAGO Blackhawks zone.
9:07 of 2nd period - Shot by Nick Suzuki.
9:07 of 2nd period - Shot Blocked by Victor Mete.
9:36 of 2nd period - Pius Suter is hit by Nick Perbix and loses puck.
9:45 of 2nd period - Shot by Jakob Silfverberg.
9:45 of 2nd period - Shot Blocked by Brian Dumoulin.
9:53 of 2nd period - Jakob Silfverberg is hit by Evgenii Dadonov and loses puck.
10:28 of 2nd period - Christian Fischer is hit by Jordan Greenway and loses puck.
10:41 of 2nd period - Shot by Mathew Barzal.
10:41 of 2nd period - Shot Misses the Net.
10:45 of 2nd period - Shot by Christian Fischer.
10:45 of 2nd period - Stopped by Scott Wedgewood without a rebound.
10:46 of 2nd period - Nick Suzuki wins face-off versus Jordan Eberle in MINNESOTA Wild zone.
10:46 of 2nd period - Oliver Wahlstrom is hit by Ryan Murray and loses puck.
10:53 of 2nd period - Anton Stralman is hit by Jordan Eberle and loses puck.
11:07 of 2nd period - Icing by Jordan Eberle.
11:08 of 2nd period - Adam Gaudette wins face-off versus Jordan Eberle in MINNESOTA Wild zone.
12:12 of 2nd period - Frank Vatrano is hit by Alexandre Carrier and loses puck.
12:19 of 2nd period - Shot by Frank Vatrano.
12:19 of 2nd period - Goal by Frank Vatrano - CHICAGO Blackhawks : 2 - MINNESOTA Wild : 3.
12:20 of 2nd period - Mathew Barzal wins face-off versus Scott Laughton in neutral zone.
12:36 of 2nd period - Icing by Nick Perbix.
12:37 of 2nd period - Scott Laughton wins face-off versus Nick Suzuki in MINNESOTA Wild zone.
12:48 of 2nd period - Shot by Viktor Arvidsson.
12:48 of 2nd period - Shot Blocked by Brian Dumoulin.
12:50 of 2nd period - Shot by Viktor Arvidsson.
12:50 of 2nd period - Stopped by John Gibson without a rebound.
12:51 of 2nd period - Jordan Eberle wins face-off versus Mathew Barzal in CHICAGO Blackhawks zone.
13:18 of 2nd period - Brandon Carlo is hit by Jordan Eberle.
13:35 of 2nd period - Shot by Christian Fischer.
13:35 of 2nd period - Stopped by Scott Wedgewood without a rebound.
13:36 of 2nd period - Nick Suzuki wins face-off versus Frank Vatrano in MINNESOTA Wild zone.
14:36 of 2nd period - Conor Garland is hit by Jordan Greenway and loses puck.
14:46 of 2nd period - Icing by Nick Perbix.
14:47 of 2nd period - Pius Suter wins face-off versus Scott Laughton in MINNESOTA Wild zone.
14:56 of 2nd period - Shot by Evgenii Dadonov.
14:56 of 2nd period - Stopped by Scott Wedgewood without a rebound.
14:57 of 2nd period - Mathew Barzal wins face-off versus Jordan Eberle in MINNESOTA Wild zone.
15:06 of 2nd period - Shot by Mathew Barzal.
15:06 of 2nd period - Stopped by Scott Wedgewood with a rebound.
15:26 of 2nd period - Shot by Tage Thompson.
15:26 of 2nd period - Shot Misses the Net.
15:32 of 2nd period - Shot by Christian Fischer.
15:32 of 2nd period - Shot Misses the Net.
15:49 of 2nd period - Icing by Victor Mete.
15:50 of 2nd period - Pius Suter wins face-off versus Jordan Eberle in MINNESOTA Wild zone.
15:53 of 2nd period - Shot by Evgenii Dadonov.
15:53 of 2nd period - Stopped by Scott Wedgewood without a rebound.
15:54 of 2nd period - Viktor Arvidsson wins face-off versus Pius Suter in MINNESOTA Wild zone.
16:11 of 2nd period - Shot by Jordan Greenway.
16:11 of 2nd period - Stopped by John Gibson with a rebound.
16:13 of 2nd period - Shot by Viktor Arvidsson.
16:13 of 2nd period - Shot Blocked by Brian Dumoulin.
16:29 of 2nd period - Shot by Scott Laughton.
16:29 of 2nd period - Shot Blocked by Brian Dumoulin.
16:31 of 2nd period - Shot by Nick Perbix.
16:31 of 2nd period - Shot Blocked by Connor Murphy.
16:33 of 2nd period - Shot by Jordan Greenway.
16:33 of 2nd period - Shot Misses the Net.
16:35 of 2nd period - Shot by Viktor Arvidsson.
16:35 of 2nd period - Shot Blocked by Connor Murphy.
16:37 of 2nd period - Shot by Viktor Arvidsson.
16:37 of 2nd period - Stopped by John Gibson without a rebound.
16:38 of 2nd period - Nick Suzuki wins face-off versus Frank Vatrano in CHICAGO Blackhawks zone.
16:53 of 2nd period - Shot by Conor Garland.
16:53 of 2nd period - Stopped by Scott Wedgewood without a rebound.
16:54 of 2nd period - Mathew Barzal wins face-off versus Kyle Connor in MINNESOTA Wild zone.
17:25 of 2nd period - Shot by Danton Heinen.
17:25 of 2nd period - Stopped by John Gibson without a rebound.
17:26 of 2nd period - Pius Suter wins face-off versus Frank Vatrano in CHICAGO Blackhawks zone.
17:26 of 2nd period - Pius Suter is hit by Frank Vatrano.
17:36 of 2nd period - Shot by Joonas Donskoi.
17:36 of 2nd period - Shot Misses the Net.
17:46 of 2nd period - Shot by Evgenii Dadonov.
17:46 of 2nd period - Shot Misses the Net.
17:48 of 2nd period - Shot by Pius Suter.
17:48 of 2nd period - Shot Blocked by Will Butcher.
17:50 of 2nd period - Shot by Pius Suter.
17:50 of 2nd period - Stopped by Scott Wedgewood without a rebound.
17:51 of 2nd period - Scott Laughton wins face-off versus Conor Garland in MINNESOTA Wild zone.
18:54 of 2nd period - Shot by Joonas Donskoi.
18:54 of 2nd period - Stopped by Scott Wedgewood with a rebound.
19:10 of 2nd period - Shot by Evgenii Dadonov.
19:10 of 2nd period - Stopped by Scott Wedgewood without a rebound.
19:11 of 2nd period - Adam Gaudette wins face-off versus Frank Vatrano in MINNESOTA Wild zone.
19:11 of 2nd period - Connor Murphy is hit by Mike Matheson and loses puck.
19:24 of 2nd period - Shot by Adam Gaudette.
19:24 of 2nd period - Stopped by Scott Wedgewood with a rebound.
19:30 of 2nd period - Shot by Will Butcher.
19:30 of 2nd period - Shot Misses the Net.
19:32 of 2nd period - Shot by Jakob Silfverberg.
19:32 of 2nd period - Shot Misses the Net.
19:36 of 2nd period - Shot by Jakob Silfverberg.
19:36 of 2nd period - Stopped by John Gibson without a rebound.
19:37 of 2nd period - Jordan Eberle wins face-off versus Mathew Barzal in CHICAGO Blackhawks zone.
19:50 of 2nd period - Shot by Jordan Eberle.
19:50 of 2nd period - Stopped by John Gibson without a rebound.
19:51 of 2nd period - Kevin Rooney wins face-off versus Pius Suter in CHICAGO Blackhawks zone.
Goals for this period are 0 for CHICAGO Blackhawks vs 1 for MINNESOTA Wild .
Shots for this period are 16 for CHICAGO Blackhawks vs 8 for MINNESOTA Wild .

3rd period


0:01 of 3rd period - Tage Thompson wins face-off versus Jordan Eberle in neutral zone.
0:03 of 3rd period - Off-side.
0:04 of 3rd period - Nick Suzuki wins face-off versus Jordan Eberle in neutral zone.
0:14 of 3rd period - Shot by Conor Garland.
0:14 of 3rd period - Shot Misses the Net.
0:18 of 3rd period - Shot by Oliver Wahlstrom.
0:18 of 3rd period - Shot Misses the Net.
0:20 of 3rd period - Shot by Connor Murphy.
0:20 of 3rd period - Deflect By Nick Suzuki.
0:20 of 3rd period - Shot Misses the Net.
0:36 of 3rd period - Shot by Nick Suzuki.
0:36 of 3rd period - Stopped by Scott Wedgewood with a rebound.
0:44 of 3rd period - Shot by Oliver Wahlstrom.
0:44 of 3rd period - Shot Blocked by Mike Matheson.
0:46 of 3rd period - Shot by Conor Garland.
0:46 of 3rd period - Deflect By Oliver Wahlstrom.
0:46 of 3rd period - Stopped by Scott Wedgewood without a rebound.
0:47 of 3rd period - Christian Fischer wins face-off versus Frank Vatrano in MINNESOTA Wild zone.
1:01 of 3rd period - Jakob Silfverberg is hit by Mac Weegar and loses puck.
1:09 of 3rd period - Minor Penalty to Mac Weegar for Hooking.
1:10 of 3rd period - J.T. Compher wins face-off versus Frank Vatrano in CHICAGO Blackhawks zone.
1:28 of 3rd period - Shot by Will Butcher.
1:28 of 3rd period - Stopped by John Gibson with a rebound.
1:40 of 3rd period - Shot by Danton Heinen.
1:40 of 3rd period - Deflect By Frank Vatrano.
1:40 of 3rd period - Stopped by John Gibson without a rebound.
1:41 of 3rd period - J.T. Compher wins face-off versus Jordan Eberle in CHICAGO Blackhawks zone.
2:30 of 3rd period - Icing by Victor Mete.
2:31 of 3rd period - Jordan Eberle wins face-off versus Pius Suter in MINNESOTA Wild zone.
2:38 of 3rd period - Brandon Duhaime is hit by Nick Bjugstad and loses puck.
2:49 of 3rd period - Shot by Mike Matheson.
2:49 of 3rd period - Shot Misses the Net.
2:51 of 3rd period - Shot by Mike Matheson.
2:51 of 3rd period - Shot Blocked by Brandon Duhaime.
2:53 of 3rd period - Shot by Will Butcher.
2:53 of 3rd period - Shot Misses the Net.
2:55 of 3rd period - Shot by Scott Laughton.
2:55 of 3rd period - Stopped by John Gibson without a rebound.
2:56 of 3rd period - J.T. Compher wins face-off versus Frank Vatrano in CHICAGO Blackhawks zone.
2:56 of 3rd period - J.T. Compher is hit by Scott Laughton.
3:06 of 3rd period - Shot by J.T. Compher.
3:06 of 3rd period - Goal by J.T. Compher - CHICAGO Blackhawks : 3 - MINNESOTA Wild : 3.
3:07 of 3rd period - J.T. Compher wins face-off versus Frank Vatrano in neutral zone.
3:21 of 3rd period - Minor Penalty to Nick Perbix for Hooking.
3:22 of 3rd period - Scott Laughton wins face-off versus Mathew Barzal in MINNESOTA Wild zone.
4:01 of 3rd period - Shot by Mathew Barzal.
4:01 of 3rd period - Shot Misses the Net.
4:29 of 3rd period - Shot by Oliver Wahlstrom.
4:29 of 3rd period - Deflect By Nick Suzuki.
4:29 of 3rd period - Shot Blocked by Jordan Eberle.
4:47 of 3rd period - Shot by Pius Suter.
4:47 of 3rd period - Stopped by Scott Wedgewood with a rebound.
4:49 of 3rd period - Shot by Oliver Wahlstrom.
4:49 of 3rd period - Shot Misses the Net.
4:51 of 3rd period - Shot by Alexandre Carrier.
4:51 of 3rd period - Shot Blocked by Ryan Murray.
4:53 of 3rd period - Shot by Nick Suzuki.
4:53 of 3rd period - Stopped by Scott Wedgewood without a rebound.
4:54 of 3rd period - Scott Laughton wins face-off versus Mathew Barzal in MINNESOTA Wild zone.
5:06 of 3rd period - Icing by Anton Stralman.
5:07 of 3rd period - Jakob Silfverberg wins face-off versus Mathew Barzal in CHICAGO Blackhawks zone.
5:32 of 3rd period - Shot by Adam Gaudette.
5:32 of 3rd period - Deflect By J.T. Compher.
5:32 of 3rd period - Shot Misses the Net.
5:37 of 3rd period - Brandon Duhaime is hit by Nick Perbix and loses puck.
6:02 of 3rd period - Shot by J.T. Compher.
6:02 of 3rd period - Shot Blocked by Ty Smith.
6:12 of 3rd period - Shot by Pius Suter.
6:12 of 3rd period - Shot Blocked by Ty Smith.
6:14 of 3rd period - Shot by Joonas Donskoi.
6:14 of 3rd period - Stopped by Scott Wedgewood without a rebound.
6:15 of 3rd period - Jordan Eberle wins face-off versus Pius Suter in MINNESOTA Wild zone.
7:23 of 3rd period - Shot by Mathew Barzal.
7:23 of 3rd period - Shot Misses the Net.
7:38 of 3rd period - Frank Vatrano is hit by Christian Fischer and loses puck.
7:46 of 3rd period - Shot by Mathew Barzal.
7:46 of 3rd period - Stopped by Scott Wedgewood without a rebound.
7:47 of 3rd period - Conor Garland wins face-off versus Scott Laughton in MINNESOTA Wild zone.
7:47 of 3rd period - Conor Garland is hit by Ty Smith.
8:29 of 3rd period - Shot by Jordan Greenway.
8:29 of 3rd period - Stopped by John Gibson without a rebound.
8:30 of 3rd period - Jakob Silfverberg wins face-off versus Pius Suter in CHICAGO Blackhawks zone.
8:51 of 3rd period - Frank Vatrano is hit by Pius Suter and loses puck.
8:55 of 3rd period - Icing by Ryan Murray.
8:56 of 3rd period - Frank Vatrano wins face-off versus Mathew Barzal in MINNESOTA Wild zone.
8:56 of 3rd period - Frank Vatrano is hit by Christian Fischer.
9:10 of 3rd period - Shot by Nick Bjugstad.
9:10 of 3rd period - Shot Misses the Net.
9:32 of 3rd period - Shot by Mathew Barzal.
9:32 of 3rd period - Shot Blocked by Ryan Murray.
10:08 of 3rd period - Shot by Kyle Connor.
10:08 of 3rd period - Shot Misses the Net.
10:11 of 3rd period - Icing by Christian Fischer.
10:12 of 3rd period - Scott Laughton wins face-off versus Mathew Barzal in CHICAGO Blackhawks zone.
10:51 of 3rd period - Shot by Oliver Wahlstrom.
10:51 of 3rd period - Shot Blocked by Nick Perbix.
12:01 of 3rd period - Icing by Will Butcher.
12:02 of 3rd period - Pius Suter wins face-off versus Jordan Eberle in MINNESOTA Wild zone.
12:43 of 3rd period - Shot by Evgenii Dadonov.
12:43 of 3rd period - Stopped by Scott Wedgewood with a rebound.
13:01 of 3rd period - Shot by Adam Gaudette.
13:01 of 3rd period - Shot Hit the Post.
13:03 of 3rd period - Shot by Alexandre Carrier.
13:03 of 3rd period - Shot Misses the Net.
13:13 of 3rd period - Shot by Adam Gaudette.
13:13 of 3rd period - Shot Misses the Net.
13:26 of 3rd period - Shot by Adam Gaudette.
13:26 of 3rd period - Goal by Adam Gaudette - CHICAGO Blackhawks : 4 - MINNESOTA Wild : 3.
13:27 of 3rd period - Frank Vatrano wins face-off versus Mathew Barzal in neutral zone.
13:41 of 3rd period - Icing by Christian Fischer.
13:42 of 3rd period - Mathew Barzal wins face-off versus Scott Laughton in CHICAGO Blackhawks zone.
15:01 of 3rd period - Minor Penalty to Connor Murphy for Tripping.
15:02 of 3rd period - J.T. Compher wins face-off versus Jordan Eberle in CHICAGO Blackhawks zone.
15:02 of 3rd period - J.T. Compher is hit by Nick Bjugstad.
15:18 of 3rd period - Shot by Will Butcher.
15:18 of 3rd period - Stopped by John Gibson with a rebound.
15:55 of 3rd period - Mac Weegar is hit by Nick Perbix and loses puck.
16:12 of 3rd period - Shot by Ty Smith.
16:12 of 3rd period - Stopped by John Gibson without a rebound.
16:13 of 3rd period - Frank Vatrano wins face-off versus Pius Suter in CHICAGO Blackhawks zone.
16:19 of 3rd period - Jakob Silfverberg is hit by Mac Weegar and loses puck.
16:28 of 3rd period - Shot by Frank Vatrano.
16:28 of 3rd period - Deflect By Danton Heinen.
16:28 of 3rd period - Shot Misses the Net.
16:30 of 3rd period - Shot by Ryan Murray.
16:30 of 3rd period - Stopped by John Gibson without a rebound.
16:31 of 3rd period - J.T. Compher wins face-off versus Frank Vatrano in CHICAGO Blackhawks zone.
16:44 of 3rd period - Shot by Frank Vatrano.
16:44 of 3rd period - Stopped by John Gibson with a rebound.
16:46 of 3rd period - Shot by Scott Laughton.
16:46 of 3rd period - Deflect By Danton Heinen.
16:46 of 3rd period - Stopped by John Gibson without a rebound.
16:47 of 3rd period - Kyle Connor wins face-off versus J.T. Compher in CHICAGO Blackhawks zone.
16:48 of 3rd period - Shot by Ryan Murray.
16:48 of 3rd period - Shot Misses the Net.
17:15 of 3rd period - Icing by Anton Stralman.
17:16 of 3rd period - Mathew Barzal wins face-off versus Frank Vatrano in CHICAGO Blackhawks zone.
17:26 of 3rd period - Icing by Ty Smith.
17:27 of 3rd period - Pius Suter wins face-off versus Frank Vatrano in MINNESOTA Wild zone.
17:32 of 3rd period - Shot by Evgenii Dadonov.
17:32 of 3rd period - Deflect By Joonas Donskoi.
17:32 of 3rd period - Shot Blocked by Nick Perbix.
17:49 of 3rd period - Shot by Nick Bjugstad.
17:49 of 3rd period - Stopped by John Gibson without a rebound.
17:50 of 3rd period - Nick Suzuki wins face-off versus Jordan Eberle in CHICAGO Blackhawks zone.
18:04 of 3rd period - Anton Stralman is hit by Danton Heinen and loses puck.
18:11 of 3rd period - Shot by Jordan Eberle.
18:11 of 3rd period - Shot Misses the Net.
18:13 of 3rd period - Shot by Kyle Connor.
18:13 of 3rd period - Shot Blocked by Brandon Carlo.
18:17 of 3rd period - Shot by Jordan Eberle.
18:17 of 3rd period - Deflect By Danton Heinen.
18:17 of 3rd period - Shot Misses the Net.
18:41 of 3rd period - Icing by Anton Stralman.
18:42 of 3rd period - Frank Vatrano wins face-off versus Nick Suzuki in CHICAGO Blackhawks zone.
18:42 of 3rd period - Frank Vatrano is hit by Anton Stralman.
18:44 of 3rd period - MINNESOTA Wild , Scott Wedgewood is pulled from the net.
19:06 of 3rd period - Shot by Frank Vatrano.
19:06 of 3rd period - Stopped by John Gibson without a rebound.
19:07 of 3rd period - Jordan Eberle wins face-off versus Mathew Barzal in CHICAGO Blackhawks zone.
19:22 of 3rd period - Shot by Nick Bjugstad.
19:22 of 3rd period - Stopped by John Gibson with a rebound.
19:24 of 3rd period - Shot by Ryan Murray.
19:24 of 3rd period - Shot Misses the Net.
19:26 of 3rd period - Shot by Nick Bjugstad.
19:26 of 3rd period - Stopped by John Gibson without a rebound.
19:27 of 3rd period - Mathew Barzal wins face-off versus Jordan Eberle in CHICAGO Blackhawks zone.
19:32 of 3rd period - Shot by Mathew Barzal.
19:32 of 3rd period - Goal by Mathew Barzal - CHICAGO Blackhawks : 5 - MINNESOTA Wild : 3.
19:32 of 3rd period - Scott Wedgewood from MINNESOTA Wild was sent back in the game.
19:33 of 3rd period - Scott Laughton wins face-off versus Mathew Barzal in neutral zone.
Goals for this period are 3 for CHICAGO Blackhawks vs 0 for MINNESOTA Wild .
Shots for this period are 10 for CHICAGO Blackhawks vs 13 for MINNESOTA Wild .